 Dungeon Crawl Stone Soup version 0.24.0-28-g17ded55e90 (webtiles) character file.

Game seed: 3573476973436518890, levelgen mode: deterministic

234 Curus the Poker (level 5, -1/42 HPs)
             Began as a Minotaur Gladiator on Nov 11, 2019.
             Slain by a worm (7 damage)
             ... in a sewer.
             The game lasted 00:13:13 (2832 turns).

Curus the Poker (Minotaur Gladiator)                Turns: 2832, Time: 00:13:13

Health: -1/42      AC:  3    Str: 19    XL:     5   Next: 75%
Magic:  4/4        EV: 12    Int:  6    God:
Gold:   209        SH:  0    Dex: 11    Spells: 4/4 levels left

rFire    . . .     SeeInvis .   a - +1 trident
rCold    . . .     Gourm    .   (no shield)
rNeg     . . .     Faith    .   b - +0 leather armour
rPois    +         Spirit   .   c - +0 hat
rElec    .         Reflect  .   (no cloak)
rCorr    .         Harm     .   (no gloves)
MR       .....                  (no boots)
Stlth    +.........             (no amulet)
HPRegen  0.00/turn              g - ring of wizardry
MPRegen  0.09/turn              (no ring)

@: no status effects
A: retaliatory headbutt, horns 2, poison resistance, inhibited regeneration
a: no special abilities


You were in a sewer.
You were hungry.

You visited 1 branch of the dungeon, and saw 3 of its levels.
You also visited: Sewer.

You collected 209 gold pieces.

Inventory:

Hand Weapons
 a - a +1 trident (weapon)
Missiles
 d - 3 throwing nets (quivered)
Armour
 b - a +0 leather armour (worn)
 c - a +0 hat (worn)
Jewellery
 g - a ring of wizardry (left hand)
Scrolls
 e - 6 scrolls of identify
 h - 2 scrolls of remove curse
 i - 4 scrolls of teleportation
 j - a scroll of amnesia
Potions
 k - 2 potions of flight
 l - a potion of invisibility
Comestibles
 f - 5 rations


   Skills:
 - Level 2.4 Fighting
 + Level 7.9 Polearms
 - Level 2.0 Throwing
 - Level 3.2 Dodging


You had 4 spell levels left.
You didn't know any spells.
Your spell library was empty.

Dungeon Overview and Level Annotations

Branches:
Dungeon (3/15)              Sewer (1/1)

Altars:


Innate Abilities, Weirdness & Mutations

You reflexively headbutt those who attack you in melee.
You have a pair of horns on your head.
Your system is resistant to poisons. (rPois)
You do not regenerate when monsters are visible.


Message History

The worm bites you! The worm closely misses you. You furiously retaliate!
You headbutt the worm. You hit the worm.
The worm is severely wounded.
The worm bites you.
You puncture the worm!
You kill the worm!
The worm bites you but does no damage.
You hit the worm but do no damage.
The worm is lightly wounded.
The worm bites you.
You puncture the worm! Your headbutt misses the worm.
The worm is severely wounded.
The worm bites you but does no damage.
You hit the worm but do no damage.
The worm is severely wounded.
The worm bites you!
* * * LOW HITPOINT WARNING * * *
The worm bites you!
You die...

#≈≈≈≈≈≈≈≈≈≈≈≈≈≈≈≈≈≈≈≈≈≈#
#≈≈≈≈≈≈≈≈≈≈≈≈≈≈.≈≈≈≈≈≈≈#
#≈≈≈####≈≈####≈≈≈###≈≈≈#
#†≈.# #.≈# #≈≈.# #≈≈≈#
#≈≈.# #≈.# #≈≈≈# #≈≈≈#
#.≈.####..####≈≈.# #.≈≈#
#≈≈.##.#..#.##≈≈≈# #≈≈≈#
#.≈≈##.'w.'.##≈≈≈# #.≈≈#
#.≈≈##.w@.'.##≈≈≈# #≈≈≈#
#≈≈≈##.#..#.##≈≈.# #.≈≈#
#≈≈≈## #..####≈≈≈# #≈≈≈#
#≈≈≈# #..# #≈≈.# #.≈≈#
#≈≈≈# #..# #.≈≈# #≈≈≈#
#≈≈≈# #..# #≈≈≈# #≈≈≈#
#≈≈≈# +..+ #≈≈≈# #≈≈≈#
#≈≈.# +..+ #≈≈≈# #≈≈≈#
#≈≈≈# #≈≈≈# #≈≈≈#


You could see 2 worms.

Vanquished Creatures
  Robin (D:2)
  7 adders
  2 river rats (D:3)
  2 oozes (Sewer)
  8 worms
  2 dart slugs
  3 leopard geckos
  4 orcs (D:3)
  17 bats
  A bat zombie (D:1)
  6 giant cockroaches
  15 goblins
  9 hobgoblins
  4 jackals (Sewer)
  A quokka (D:3)
  2 ball pythons
  6 frilled lizards
  A jackal zombie (D:1)
  4 kobolds
  9 rats
104 creatures vanquished.

Notes
Turn   | Place    | Note
-------+----------+-------------------------------------------
     0 | D:1      | Curus the Minotaur Gladiator began the quest for the Orb.
     0 | D:1      | Reached XP level 1. HP: 18/18 MP: 0/0
    60 | D:1      | Reached skill level 4 in Polearms
    73 | D:1      | Reached XP level 2. HP: 21/25 MP: 1/1
   828 | D:2      | Reached skill level 5 in Polearms
   839 | D:2      | Reached XP level 3. HP: 28/30 MP: 2/2
  1191 | D:2      | Reached XP level 4. HP: 37/37 MP: 3/3
  1234 | D:2      | Reached skill level 6 in Polearms
  1234 | D:2      | Noticed Robin
  1240 | D:2      | Killed Robin
  1885 | D:2      | Found a faded altar of an unknown god.
  2062 | D:3      | Reached XP level 5. HP: 26/42 MP: 4/4
  2121 | D:3      | Reached skill level 7 in Polearms
  2417 | D:3      | Found a glowing drain.
  2425 | Sewer    | Entered a sewer
  2816 | Sewer    | Gained mutation: You do not regenerate when monsters are
                  | visible. [potion of mutation]
  2816 | Sewer    | Gained mutation: Your system is resistant to poisons.
                  | (rPois) [potion of mutation]
  2832 | Sewer    | Slain by a worm

Levels and vault maps discovered:
D:1:      saegor_arrival_fortress, layout_loops_ring
D:2:      layout_basic, chequers_ecumenical_altar_lobes, first_ration,
          minmay_goblin_outpost, uniq_robin
D:3:      minmay_wonky_spiral, layout_rooms, lightli_sewer_entry_pipes,
          st_stairs_14
Sewer:    sewer_fruit_machine

Skill      XL: |  1  2  3  4  5 |
---------------+----------------+-----
Polearms       | 4 5 6 7 |  7.9
Fighting       | |  2.4
Throwing       | |  2.0
Dodging        | |  3.2

Action                   |  1- 3 |  4- 6 || total
-------------------------+-------+-------++-------
Melee: Trident           |    84 |   189 ||   273
       Headbutt          |     6 |    22 ||    28
Throw: Throwing net      |       |     1 ||     1
  Use: Scroll            |     4 |     2 ||     6
       Potion            |     2 |     4 ||     6
  Eat: Chunk             |     1 |     5 ||     6
Armor: Leather armour    |    16 |    32 ||    48
Dodge: Dodged            |    36 |    72 ||   108
